 Dungeon Crawl Stone Soup version 0.30.1-9-gdf580d7c3d (webtiles) character file.

Game seed: 15854417729411224908

13239 Cheops the Spear-Bearer (level 12, -4/88 HPs)
             Began as a Naga Ice Elementalist on Oct 22, 2023.
             Was a High Priest of Cheibriados.
             Slain by a skeletal warrior
             ... wielding a +0 dire flail
              (9 damage)
             ... on level 11 of the Dungeon on Oct 23, 2023.
             The game lasted 00:47:18 (10057 turns).

Cheops the Spear-Bearer (Naga Ice Elementalist)    Turns: 10057, Time: 00:47:19

Health: -4/88      AC: 22    Str: 24    XL:     12   Next: 3%
Magic:  5/18       EV: 10    Int: 33    God:    Cheibriados [*****.]
Gold:   933        SH:  0    Dex: 28    Spells: 6/17 levels left

rFire   x . .        a - +6 bardiche "Posycotadd" {flame, Dex+3}
rCold   + . .        (shield currently unavailable)
rNeg    . . .        I - +3 swamp dragon scales
rPois   +            B - +0 helmet
rElec   .            F - +1 cloak {Will+}
rCorr   +            (no gloves)
SInv    +            (no barding)
Will    ++...        s - amulet of regeneration
Stlth   ++           d - ring of resist corrosion
HPRegen 1.14/turn    k - ring of ice
MPRegen 0.16/turn

%: no passive effects
@: ice-armoured, very slow
A: AC +4, large, see invisible, deformed body, poison resistance, slowness 2,
spit poison 1, naga tail 1
a: Spit Poison, Renounce Religion, Bend Time, Temporal Distortion, Slouch, Step
From Time


You were on level 11 of the Dungeon.
You worshipped Cheibriados.
Cheibriados was extremely pleased with you.
You visited 1 branch of the dungeon, and saw 11 of its levels.
You also visited: Sewer.

You collected 933 gold pieces.

Inventory:

Hand Weapons
 a - the +6 bardiche "Posycotadd" (weapon) {flame, Dex+3}
   (You acquired it on level 8 of the Dungeon)

   Dex:       It affects your dexterity (+3).
 b - a +2 halberd of protection
 r - a +0 dagger of venom
 K - a +2 vampiric spear
Missiles
 i - a throwing net
Armour
 n - an orb of wrath
 B - a +0 helmet (worn)
 C - a +0 buckler
 F - a +1 cloak of willpower (worn)
 I - +3 swamp dragon scales (worn)
Magical Staves
 p - the staff of earth "Mavvufex" {MP+9 Dex+3}
   (You took it off a gnoll on level 6 of the Dungeon)

   [staff of earth]

   Base accuracy: +5 Base damage: 5 Base attack delay: 1.2 This weapon's minimum
   attack delay (0.6) is reached at skill level 12.
   Dex:       It affects your dexterity (+3).
   MP:        It affects your magic capacity (+9).
   It falls into the 'Staves' category.
   It is a one-handed weapon.
Jewellery
 d - a ring of resist corrosion (left hand)
 f - a ring of fire
 k - a ring of ice (right hand)
 s - an amulet of regeneration (around neck)
 H - a ring of fire
 O - a ring of willpower
Wands
 g - a wand of acid (12)
 o - a wand of flame (22)
 J - a wand of paralysis (6)
 M - a wand of mindburst (5)
Scrolls
 c - 2 scrolls of torment
 y - a scroll of teleportation
 D - a scroll of immolation
 E - 2 scrolls of vulnerability
 P - a scroll of blinking
Potions
 e - 2 potions of haste
 h - 5 potions of might
 j - a potion of ambrosia {unknown}
 l - 2 potions of mutation {unknown}
 m - 2 potions of degeneration {unknown}
 q - 3 potions of invisibility
 t - 2 potions of lignification {unknown}
 u - 2 potions of attraction {unknown}
 v - a potion of curing {unknown}
 w - a potion of resistance {unknown}
 x - a potion of cancellation
 z - 3 potions of heal wounds
 A - 2 potions of magic
 G - a potion of flight
 L - a potion of brilliance {unknown}


   Skills:
 - Level 13.1 Polearms
 - Level 3.0 Armour
 - Level 1.5 Dodging
 - Level 3.0 Stealth
 - Level 3.1 Spellcasting
 - Level 4.0 Summonings
 - Level 10.1 Ice Magic
 + Level 8.7 Invocations


You had 6 spell levels left.
You knew the following spells:

 Your Spells              Type           Power      Damage    Failure   Level
a - Freeze                Ice            100%       1d10      1%          1
r - Frozen Ramparts       Ice            100%       1d16      1%          3
A - Ozocubu's Armour      Ice            83%        N/A       1%          3
I - Summon Ice Beast      Ice/Summ       67%        N/A       4%          4

Your spell library contained the following spells:

 Spells                   Type           Power      Damage    Failure   Level
 Summon Small Mammal      Summ           100%       N/A       1%          1
 Apportation              Tloc           10%        N/A       9%          1
 Necrotise                Necr           20%        1d5       9%          1
 Sandblast                Erth           10%        2d5       9%          1
 Passwall                 Tmut/Erth      4%         N/A       13%         2
 Static Discharge         Conj/Air       10%        2-3/arc   13%         2
 Stone Arrow              Conj/Erth      10%        3d7       26%         3
 Vhi's Electric Charge    Tloc/Air       10%        N/A       26%         3
 Summon Lightning Spire   Summ/Air       18%        N/A       36%         4
 Airstrike                Air            2%         2d(1-17)  65%         4
 Passage of Golubria      Tloc           5%         N/A       65%         4
 Arcjolt                  Conj/Air       2%         1d12      94%         5
 Silence                  Hex/Air        2%         N/A       94%         5
 Lehudib's Crystal Spear  Conj/Erth      2%         10d2      100%        8
 Maxwell's Capacitive Co  Air            2%         ∞         100%        8


Dungeon Overview and Level Annotations

Branches:
Dungeon (11/15)            Temple (0/1) D:6            Lair (0/5) D:10
  Sewer (visited)
    Orc: D:9-12

Altars:
Cheibriados
Gozag
Hepliaklqana
Nemelex Xobeh
Okawaru
Ru
Sif Muna
Uskayaw
Vehumet
Wu Jian
Yredelemnul

Shops:
D:4 :   D:6 *   D:9 (

Annotations:
D:8 3 runed translucent doors
D:9 exclusion: ice statue


Innate Abilities, Weirdness & Mutations

Your serpentine skin is tough. (AC +4)
You have supernaturally acute eyesight. (SInv)
Armour fits poorly on your strangely shaped body.
Your system is resistant to poisons. (rPois)
You cover ground very slowly.
You can spit poison.
You have a snake-like lower body.


Message History

The skeletal warrior hits you with a +0 dire flail!!
* * * LOW HITPOINT WARNING * * *
Casting: Ozocubu's Armour (safe; 1% risk of failure)
Confirm with . or Enter, or press ? or * to list all spells.
You feel a surge of power! A film of ice covers your body!
The skeletal warrior hits you but does no damage.
Casting: Ozocubu's Armour (safe; 1% risk of failure)
Confirm with . or Enter, or press ? or * to list all spells.
Okay, then.
Press: ? - help, v - describe, . - travel
Here: a skeletal warrior, wielding a +0 dire flail The floor.
Okay, then.
You feel much better.
The skeletal warrior hits you with a +0 dire flail!
* * * LOW HITPOINT WARNING * * *
Casting: Ozocubu's Armour (safe; 1% risk of failure)
Confirm with . or Enter, or press ? or * to list all spells.
Okay, then.
You hit the skeletal warrior but do no damage.
The skeletal warrior hits you with a +0 dire flail!
* * * LOW HITPOINT WARNING * * *
You closely miss the skeletal warrior.
The skeletal warrior hits you with a +0 dire flail.
* * * LOW HITPOINT WARNING * * *
Activating: Slouch (3% risk of failure)
Press: ? - help, Dir - look around, f - activate You can feel time thicken for a moment.
Cheibriados lowers the support of your attributes as your movement quickens.
The skeletal warrior hits you with a +0 dire flail!
* * * LOW HITPOINT WARNING * * *
The flow of time bends around you.
The skeletal warrior resists with some effort.
The skeletal warrior hits you with a +0 dire flail!
* * * LOW HITPOINT WARNING * * *
The flow of time bends around you.
Cheibriados rebukes the skeletal warrior.
The skeletal warrior seems to slow down.
The skeletal warrior hits you with a +0 dire flail!
You die...

.'....###########.####......#
.#.†..#.........#.#.........#
.##+###.........#.#.........#
....)...........###.........#
............................#
....>............##########.#
........^........# .#
....####+#######.# # ....#
.........#@# ....+
....)....#z######### #...#
.........'z)........ #...#
.........#..........
#...#####+#....#..........
#.........######..........
#..<....... ...........
#.......... ............
#.........# #############


You could see 2 skeletal warriors.

Vanquished Creatures
  A boulder beetle (D:11)
  6 two-headed ogres
  Lodul (D:10)
  A skeletal warrior (D:11)
  A cyclops (D:11)
  2 gargoyles (D:11)
  Psyche (D:10)
  Maggie (D:6)
  A troll (D:9)
  Grinder (D:5)
  Sigmund (D:2)
  2 wraiths
  A wyvern (D:9)
  8 yaks
  An acid dragon (D:10)
  A water moccasin (D:6)
  3 orc warriors
  An ice beast (D:8)
  10 ogres
  2 sky beasts (D:7)
  5 centaurs
  2 kobold brigands
  A gnoll sergeant (D:9)
  A bullfrog (D:8)
  5 wights (D:9)
  11 killer bees
  5 howler monkeys (D:8)
  3 hounds
  A gnoll bouda (D:6)
  5 orc priests
  2 sleepcaps
  An iguana (D:7)
  12 orc wizards
  12 gnolls
  13 adders
  9 river rats (Sewer)
  2 shadow imps
  A white imp (D:7)
  2 ufetubi (D:5)
  6 worms
  2 dart slugs
  31 orcs
  4 endoplasms
  6 giant cockroaches
  10 goblins
  5 hobgoblins
  28 kobolds
  5 quokkas
  21 ball pythons
  7 bats
  7 frilled lizards
  29 rats
  A spectral hobgoblin (D:1)
301 creatures vanquished.

Vanquished Creatures (collateral kills)
  Crazy Yiuf (D:6)
  A gnoll (D:6)
  An orc (D:6)
3 creatures vanquished.

Grand Total: 304 creatures vanquished

Notes
Turn   | Place    | Note
-------+----------+-------------------------------------------
     0 | D:1      | Cheops the Naga Ice Elementalist began the quest for the
                  | Orb.
     0 | D:1      | Reached XP level 1. HP: 15/15 MP: 3/3
   150 | D:1      | Reached XP level 2. HP: 22/22 MP: 1/5
   756 | D:1      | Found a faded altar of an unknown god.
   973 | D:1      | Reached XP level 3. HP: 23/26 MP: 7/7
  1555 | D:2      | Noticed Sigmund
  1564 | D:2      | Killed Sigmund
  1565 | D:2      | Reached skill level 2 in Polearms
  1565 | D:2      | Reached skill level 5 in Ice Magic
  1565 | D:2      | Reached XP level 4. HP: 28/36 MP: 3/8
  1565 | D:2      | Reached XP level 5. HP: 33/42 MP: 3/9
  1567 | D:2      | Reached XP level 6. HP: 38/49 MP: 2/10
  1575 | D:2      | Learned a level 3 spell: Frozen Ramparts
  1579 | D:2      | Learned a level 3 spell: Ozocubu's Armour
  2072 | D:3      | Learned a level 4 spell: Summon Ice Beast
  2119 | D:3      | Found a basalt altar of Yredelemnul.
  2209 | D:3      | Found an iron altar of Okawaru.
  2540 | D:4      | Found a radiant altar of Vehumet.
  2678 | D:4      | Noticed a walking frostbound tome
  2688 | D:4      | Found Cyodaq's Book Shoppe.
  2690 | D:4      | Noticed a walking divine tome
  2936 | D:4      | Found an opulent altar of Gozag.
  3150 | D:5      | Entered Level 5 of the Dungeon
  3190 | D:5      | Noticed Grinder
  3194 | D:5      | Reached skill level 3 in Polearms
  3205 | D:5      | Killed Grinder
  3206 | D:5      | Reached XP level 7. HP: 55/55 MP: 5/11
  3290 | D:5      | Found a hide-covered altar of Uskayaw.
  3419 | D:5      | Found a snail-covered altar of Cheibriados.
  3502 | D:5      | Found a shimmering blue altar of Sif Muna.
  3524 | D:5      | Reached skill level 4 in Polearms
  4095 | D:6      | Noticed Maggie
  4108 | D:6      | Killed Maggie
  4109 | D:6      | Reached XP level 8. HP: 35/62 MP: 1/12
  4200 | D:5      | Became a worshipper of Cheibriados the Contemplative
  4226 | D:6      | Found Qircham's Overcharged Wands.
  4243 | D:6      | Noticed a yak
  4243 | D:6      | Noticed a yak
  4244 | D:6      | Noticed a yak
  4245 | D:6      | Noticed a yak
  4246 | D:6      | Noticed a yak
  4249 | D:6      | Killed a yak
  4249 | D:6      | Killed a yak
  4250 | D:6      | Reached skill level 5 in Polearms
  4254 | D:6      | Killed a yak
  4256 | D:6      | Killed a yak
  4257 | D:6      | Reached skill level 6 in Polearms
  4261 | D:6      | Killed a yak
  4262 | D:6      | Reached skill level 7 in Polearms
  4262 | D:6      | Reached XP level 9. HP: 55/68 MP: 10/13
  4273 | D:6      | Found a glowing drain.
  4307 | Sewer    | Entered a sewer
  4329 | Sewer    | Reached skill level 1 in Summonings
  4348 | Sewer    | Reached * piety under Cheibriados
  4440 | Sewer    | Reached ** piety under Cheibriados
  4540 | Sewer    | Reached *** piety under Cheibriados
  4701 | D:6      | Found an ornate altar of the Wu Jian Council.
  4800 | D:6      | Identified the staff of earth "Mavvufex" {MP+9 Dex+3}
  4825 | D:6      | Reached **** piety under Cheibriados
  4860 | D:6      | Found a staircase to the Ecumenical Temple.
  5102 | D:6      | Found a hazy altar of Hepliaklqana.
  5207 | D:6      | Found a runed translucent door.
  5208 | D:6      | Noticed Crazy Yiuf
  5287 | D:6      | Killed Crazy Yiuf
  5526 | D:7      | Reached skill level 8 in Polearms
  6326 | D:8      | Reached XP level 10. HP: 75/75 MP: 14/14
  6480 | D:8      | Reached ***** piety under Cheibriados
  6700 | D:8      | Found a runed translucent gate.
  6701 | D:8      | Found a runed translucent gate.
  6701 | D:8      | Noticed a red ugly thing
  6701 | D:8      | Noticed a purple ugly thing
  6702 | D:8      | Found a runed translucent gate.
  6702 | D:8      | Noticed a brown ugly thing
  7213 | D:8      | Identified a scroll of acquirement
  7215 | D:8      | Acquired the +6 bardiche "Posycotadd" {flame, Dex+3}
  7312 | D:9      | Reached skill level 10 in Ice Magic
  7323 | D:9      | Reached skill level 9 in Polearms
  7424 | D:9      | Found Sozata's Weapon Shoppe.
  7501 | D:9      | Found a sacrificial altar of Ru.
  7583 | D:9      | Noticed a two-headed ogre
  7593 | D:9      | Killed a two-headed ogre
  7594 | D:9      | Reached skill level 10 in Polearms
  7690 | D:9      | Noticed an ice statue
  7723 | D:9      | Noticed a two-headed ogre
  7731 | D:9      | Killed a two-headed ogre
  7732 | D:9      | Reached skill level 11 in Polearms
  7933 | D:9      | Found a sparkling altar of Nemelex Xobeh.
  8508 | D:10     | Entered Level 10 of the Dungeon
  8517 | D:10     | Reached XP level 11. HP: 66/81 MP: 7/15
  8518 | D:10     | Reached skill level 12 in Polearms
  8526 | D:10     | Noticed Lodul
  8684 | D:10     | Killed Lodul
  8833 | D:10     | Noticed Psyche
  8846 | D:10     | Killed Psyche
  8847 | D:10     | Reached skill level 13 in Polearms
  8847 | D:10     | Found a staircase to the Lair.
  9385 | D:11     | HP: 2/81 [orc priest/divine providence (12)]
  9464 | D:11     | Reached skill level 1 in Invocations
  9513 | D:11     | Noticed a two-headed ogre
  9519 | D:11     | Killed a two-headed ogre
  9618 | D:11     | Noticed a two-headed ogre
  9624 | D:11     | Killed a two-headed ogre
  9625 | D:11     | Noticed a two-headed ogre
  9627 | D:11     | Noticed a cyclops
  9635 | D:11     | Killed a cyclops
  9636 | D:11     | Reached skill level 5 in Invocations
  9636 | D:11     | Killed a two-headed ogre
  9637 | D:11     | Noticed a boulder beetle
  9726 | D:11     | Noticed a two-headed ogre
  9735 | D:11     | Killed a two-headed ogre
  9858 | D:11     | Killed a boulder beetle
 10018 | D:11     | Noticed a skeletal warrior
 10031 | D:11     | Killed a skeletal warrior
 10032 | D:11     | Reached XP level 12. HP: 72/88 MP: 15/18
 10056 | D:11     | HP: 3/88 [skeletal warrior/+0 dire flail (16)]
 10057 | D:11     | Slain by a skeletal warrior

Illustrated notes

Levels and vault maps discovered:
D:1:      roderic_octagonal_star, layout_rooms,
          dreamdust_ecumenical_altar_drowned_temple, minmay_misc_feat_rugged
D:2:      layout_rooms, fountainhead, minmay_pentomino_q2, uniq_sigmund
D:3:      layout_rooms, lemuel_round_altar, marbit_many_paths,
          minmay_misc_feat_cross, kennysheep_flooded_box
D:4:      layout_basic, lemuel_doored_altar,
          nicolae_gozag_cash_rules_everything_around_me, serial_shops,
          nicolae_shop_mannequins
D:5:      layout_loops_corners, kennysheep_mini_moat,
          nicolae_uskayaw_murder_on_the_dancefloor, cheibriados_altar_1,
          chequers_serial_rivers_micro_b, hangedman_decor_points,
          grunt_decor_one_mirror, uniq_grinder
D:6:      layout_rooms, general_overflow_altar,
          mainiacjoe_overflow_surrounded_room, minmay_temple_entry_sparse_star,
          gup_sewer_entry_glass, minivault_25, moated_statue,
          nicolae_shop_overcharged_wands, uniq_crazy_yiuf_cottage, uniq_maggie
D:7:      layout_loops_ring
D:8:      layout_loops_ring, ploomutoo_gammafunk_ghost_potion_laboratory,
          lemuel_flame_loot_1
D:9:      layout_layer_cave, nicolae_ru_sacrificial_ziggurat,
          mainiacjoe_overflow_brackets, serial_shops,
          nicolae_shop_bloodbath_and_beyond, minmay_statue_bubble
D:10:     layout_small_grid, lair_entry_dummy, uniq_psyche, uniq_lodul
D:11:     layout_irregular_city, kennysheep_generic_room_9

Skill      XL: |  1  2  3  4  5  6  7  8  9 10 11 |
---------------+----------------------------------+-----
Spellcasting   | 3 |  3.1
Polearms       | 2 3 4 7 8 11 13 | 13.1
Ice Magic      | 5 7 8 9 10 | 10.1
Armour         | 3 |  3.0
Summonings     | 4 |  4.0
Invocations    | 8 |  8.7
Dodging        | |  1.5
Stealth        | |  3.0

Action                     |  1- 3 |  4- 6 |  7- 9 | 10-12 || total
---------------------------+-------+-------+-------+-------++-------
  Melee: Unarmed           |     2 |       |       |       ||     2
         Dagger            |    15 |       |       |       ||    15
         Spear             |    22 |    80 |   347 |   106 ||   555
         Bardiche          |       |       |       |    89 ||    89
   Cast: Freeze            |    50 |     8 |     5 |     9 ||    72
         Ozocubu's Armour  |       |     3 |    12 |    15 ||    30
         Frozen Ramparts   |       |     1 |    16 |    18 ||    35
         Summon Ice Beast  |       |       |     2 |     3 ||     5
 Invoke: Slouch            |       |       |       |     2 ||     2
         Bend Time         |       |       |       |     2 ||     2
Ability: Spit Poison       |     3 |       |     1 |     3 ||     7
  Evoke: Wand              |       |     8 |       |       ||     8
    Use: Scroll            |       |       |    12 |     9 ||    21
         Potion            |       |       |       |     6 ||     6
   Stab: Sleeping          |     4 |     3 |       |     1 ||     8
 Armour: Robe              |     5 |    20 |    21 |       ||    46
         Swamp dragon scal |       |       |   224 |   157 ||   381
  Dodge: Dodged            |    27 |    31 |   191 |   105 ||   354
